 Dungeon Crawl Stone Soup version 0.31-a0-175-g9f7f995f2b (webtiles) character file.

Game seed: 549735235443664843

11615 Anon1729 the Fighter (level 11, -4/151 HPs)
             Began as a Minotaur Monk on June 16, 2023.
             Was a Priest of Uskayaw.
             Slain by Sonja
             ... wielding a +1 short sword of distortion
              (12 damage)
             ... on level 12 of the Dungeon.
             The game lasted 00:05:43 (10285 turns).

Anon1729 the Fighter (Minotaur Monk)               Turns: 10285, Time: 00:05:44

Health: -4/151     AC: 25    Str: 22    XL:     11   Next: 51%
Magic:  9/16       EV:  2    Int:  7    God:    Uskayaw [***...]
Gold:   757        SH:  0    Dex: 17    Spells: 10/10 levels left

rFire   . . .        a - +0 short sword
rCold   . . .        d - orb {light}
rNeg    . . .        j - melded +0 acid dragon scales
rPois   +            (helmet currently unavailable)
rElec   .            i - melded +0 cloak
rCorr   .            t - melded +1 pair of gloves
SInv    .            u - melded +0 pair of boots
Will    .....        (no amulet)
Stlth   +            o - +6 ring of strength
HPRegen 0.45/turn    M - +5 ring of evasion
MPRegen 0.15/turn

%: no passive effects
@: tree-form, slowed, glowing, very slow
A: stationary, stasis, torment immunity, boosted hp, (horns 2), (retaliatory
headbutt)
a: Renounce Religion, Stomp, Line Pass


You were on level 12 of the Dungeon.
You worshipped Uskayaw.
Uskayaw was aware of your devotion.
You were a tree.
You visited 1 branch of the dungeon, and saw 12 of its levels.

You collected 757 gold pieces.

Inventory:

Hand Weapons
 a - a +0 short sword (weapon)
Missiles
 l - 2 throwing nets
 O - 5 curare-tipped darts
Armour
 b - a +0 robe
 d - an orb of light (worn)
 i - a +0 cloak (melded)
 j - +0 acid dragon scales (melded)
 t - a +1 pair of gloves (melded)
 u - a +0 pair of boots (melded)
Jewellery
 o - a +6 ring of strength (left branch)
 s - a ring of willpower
 M - a +5 ring of evasion (right branch)
Wands
 r - a wand of mindburst (9)
 x - a wand of charming (16)
 L - a wand of flame (24)
 N - a wand of light (3)
 P - a wand of roots (5)
Scrolls
 f - a scroll of silence
 h - a scroll of revelation {unknown}
 k - 3 scrolls of enchant weapon
 m - 2 scrolls of butterflies {unknown}
 n - 3 scrolls of fog
 p - 4 scrolls of teleportation
 q - a scroll of fear {unknown}
 y - 4 scrolls of enchant armour {unknown}
 B - 3 scrolls of blinking {unknown}
 C - 2 scrolls of amnesia {unknown}
 D - 2 scrolls of immolation {unknown}
 E - 2 scrolls of vulnerability
 F - a scroll of torment {unknown}
 I - a scroll of brand weapon {unknown}
 J - a scroll of acquirement {unknown}
 Q - 3 scrolls of identify
Potions
 c - 2 potions of ambrosia
 e - a potion of brilliance {unknown}
 g - 2 potions of cancellation {unknown}
 v - 2 potions of enlightenment {unknown}
 w - 3 potions of lignification
 z - 5 potions of heal wounds {unknown}
 A - a potion of berserk rage {unknown}
 G - 7 potions of curing {unknown}
 H - 3 potions of attraction {unknown}
 K - a potion of experience {unknown}


   Skills:
 + Level 10.6 Fighting
 + Level 9.7 Short Blades
 + Level 9.8 Armour
 + Level 9.7 Dodging
 + Level 8.2 Invocations


You had 10 spell levels left.
You didn't know any spells.
Your spell library contained the following spells:

 Spells                   Type           Power      Damage    Failure   Level
 Beastly Appendage        Tmut           0%         N/A       43%         1
 Cigotuvi's Dreadful Rot  Necr/Pois/Air  0%         N/A       56%         2
 Sublimation of Blood     Necr           0%         N/A       56%         2
 Wereblood                Tmut           0%         N/A       56%         2
 Dazzling Flash           Conj/Hex       0%         N/A       80%         3
 Hailstorm                Conj/Ice       0%         3d3       80%         3
 Ignite Poison            Fire/Tmut/Pois 0%         N/A       80%         3
 Spider Form              Tmut/Pois      0%         N/A       80%         3
 Summon Guardian Golem    Hex/Summ       0%         N/A       80%         3
 Animate Dead             Necr           0%         N/A       99%         4
 Ice Form                 Ice/Tmut       0%         N/A       99%         4
 Petrify                  Tmut/Erth      0%         N/A       99%         4
 Agony                    Necr           0%         N/A       100%        5
 Borgnjor's Vile Clutch   Necr/Erth      0%         N/A       100%        5
 Freezing Cloud           Conj/Ice/Air   0%         6-21      100%        5
 Irradiate                Conj/Tmut      0%         3d11      100%        5
 Silence                  Hex/Air        0%         N/A       100%        5
 Death Channel            Necr           0%         N/A       100%        6
 Simulacrum               Ice/Necr       0%         N/A       100%        6
 Orb of Destruction       Conj           0%         9d5       100%        7
 Spellforged Servitor     Conj/Summ      0%         N/A       100%        7


Dungeon Overview and Level Annotations

Branches:
Dungeon (12/15)            Temple (0/1) D:7            Lair (0/5) D:9
    Orc: D:9-12

Altars:
Cheibriados
Dithmenos
Hepliaklqana
Kikubaaqudgha
Makhleb
Nemelex Xobeh
Ru
Sif Muna
Uskayaw
Vehumet
Yredelemnul
Zin

Shops:
D:4 :

Annotations:
D:7 3 runed translucent doors, Anon1729's ghost, novice MiMo; Pim's ghost, novice HuBe; Reshi88's ghost, novice SpWr
D:12 Sonja


Innate Abilities, Weirdness & Mutations

You are a tree.
Your roots penetrate the ground, keeping you stationary.
You cannot be teleported.
You are immune to unholy pain and torment.
Your maximum health is greatly increased.
Your equipment is partially melded.
((You have a pair of horns on your head.))
((You reflexively headbutt those who attack you in melee.))


Message History

The orc wizard closely misses you.
The two-headed ogre hits you with a +0 giant club.
The two-headed ogre hits you with a +0 giant club!!
* * * LOW HITPOINT WARNING * * *
The orc moves out of view.
Okay, then.
Unknown command.
Aiming: Line Pass
Press: ? - help, Dir - move target, p - Sonja The two-headed ogre appears confused.
Sonja appears confused.
The two-headed ogre is no longer sharing its pain.
Sonja seems less confused.
The two-headed ogre seems less confused.
Sonja mumbles some strange words.
Sonja blinks!
The orc wizard casts a spell.
The orc wizard flickers and vanishes for a moment.
Aiming: Line Pass
Press: ? - help, Dir - move target The two-headed ogre appears confused.
The orc wizard appears confused.
Sonja is no longer sharing her pain.
The orc wizard completely misses you. You furiously retaliate!
You headbutt the orc wizard!
You kill the orc wizard!
The two-headed ogre asks, "Where am I?"
Uskayaw will force your foes to helplessly watch your dance.
As you read the scroll of teleportation, it crumbles to dust.
You feel strangely unstable.
The two-headed ogre seems less confused.
Sonja zaps a wand.
Your mind is blasted!
* * * LOW HITPOINT WARNING * * *
A wraith comes into view.
You hear a howl!
It was a potion of lignification.
You turn into a tree.
Your +0 cloak melds into your body.
Your +1 pair of gloves melds into your body.
Your +0 pair of boots melds into your body.
Your +0 acid dragon scales melds into your body.
Your roots penetrate the ground.
You feel strangely stable.
Sonja hits you but does no damage. x2; Space warps horribly around you!
You die...

#..... ....# ##..........##W
................
^...............
..##.#.#.....#..
#............#..
#.#..#......^...
#....#)oo.........
##########.....K♣.........
#...............O.....#..#.#
#.#.................##..#.#
##...........##.#).####..#.#####
....#.........#.#.....#........#
....#..........................#
....[........#..................
............)..........).......#
.....######....##.....#.........


You could see a two-headed ogre, a wraith, Sonja and 2 orcs.

Vanquished Creatures
  A two-headed ogre (D:12)
  An ugly thing (D:8)
  Maurice (D:12)
  An unseen horror (D:10)
  A komodo dragon (D:11)
  3 trolls
  A shadow (D:12)
  2 wraiths
  Sigmund (D:3)
  10 yaks
  2 steam dragons
  Menkaure (D:6)
  2 acid dragons
  3 black bears
  An ice beast (D:7)
  4 sky beasts
  5 orc warriors
  5 ogres
  2 wolves (D:9)
  10 centaurs
  A phantom (D:6)
  3 kobold brigands (D:7)
  Blork the orc (D:4)
  2 gnoll sergeants
  3 bullfrogs
  2 scorpions
  17 wights
  5 killer bees (D:10)
  7 electric eels
  8 howler monkeys
  3 jellies
  10 orc priests
  A gnoll bouda (D:7)
  13 hounds
  2 sleepcaps
  4 iguanas
  8 orc wizards
  17 gnolls
  4 adders
  2 white imps
  2 ufetubi
  2 dart slugs (D:3)
  41 orcs
  3 ball pythons
  8 bats
  6 endoplasms
  2 giant cockroaches
  5 goblins
  9 hobgoblins
  9 jackals
  4 quokkas
  A frilled lizard (D:1)
  10 kobolds
  5 rats
277 creatures vanquished.

Vanquished Creatures (others)
  A human (D:9)
  A wight (D:7)
2 creatures vanquished.

Grand Total: 279 creatures vanquished

Notes
Turn   | Place    | Note
-------+----------+-------------------------------------------
     0 | D:1      | Anon1729 the Minotaur Monk began the quest for the Orb.
     0 | D:1      | Reached XP level 1. HP: 19/19 MP: 0/0
   140 | D:1      | Reached XP level 2. HP: 26/27 MP: 1/1
   424 | D:1      | Reached skill level 1 in Armour
   951 | D:2      | Reached skill level 1 in Invocations
   956 | D:2      | Reached XP level 3. HP: 33/33 MP: 2/2
  1067 | D:2      | Reached skill level 4 in Fighting
  1601 | D:2      | Found a faded altar of an unknown god.
  1754 | D:3      | Reached XP level 4. HP: 38/40 MP: 2/4
  2061 | D:3      | Found a hide-covered altar of Uskayaw.
  2062 | D:3      | Noticed Sigmund
  2075 | D:3      | Killed Sigmund
  2076 | D:3      | Reached XP level 5. HP: 30/47 MP: 5/5
  2076 | D:3      | Reached XP level 6. HP: 35/55 MP: 6/6
  2090 | D:3      | Became a worshipper of Uskayaw the Reveller
  2090 | D:3      | Reached * piety under Uskayaw
  2188 | D:3      | Reached ** piety under Uskayaw
  2191 | D:3      | Reached *** piety under Uskayaw
  2390 | D:3      | Identified the +0 ring mail of Boac {rN+}
  2428 | D:3      | Found a sparkling altar of Nemelex Xobeh.
  2435 | D:3      | Found a snail-covered altar of Cheibriados.
  2467 | D:3      | Found a hazy altar of Hepliaklqana.
  2489 | D:3      | Reached skill level 5 in Fighting
  2687 | D:4      | Found a basalt altar of Yredelemnul.
  2724 | D:4      | Identified the +9 whip of Brawling {drain, rN++}
  2764 | D:4      | Found Ygire's Book Boutique.
  2880 | D:4      | Found a shadowy altar of Dithmenos.
  2993 | D:4      | Reached skill level 5 in Dodging
  2993 | D:4      | Reached XP level 7. HP: 61/61 MP: 8/8
  3040 | D:4      | Reached skill level 5 in Short Blades
  3057 | D:4      | Noticed Blork the orc
  3062 | D:4      | Killed Blork the orc
  3114 | D:4      | Found a radiant altar of Vehumet.
  3114 | D:4      | Found a shimmering blue altar of Sif Muna.
  3399 | D:5      | Entered Level 5 of the Dungeon
  3410 | D:5      | Reached **** piety under Uskayaw
  3650 | D:5      | Reached skill level 6 in Fighting
  3650 | D:5      | Reached XP level 8. HP: 21/70 MP: 4/9
  4044 | D:5      | Found a burning altar of Makhleb.
  4082 | D:5      | Reached skill level 5 in Armour
  4530 | D:6      | Reached ***** piety under Uskayaw
  4537 | D:6      | Reached ****** piety under Uskayaw
  4665 | D:6      | Noticed Menkaure
  4670 | D:6      | Reached skill level 7 in Fighting
  4670 | D:6      | Killed Menkaure
  4673 | D:6      | Reached skill level 5 in Invocations
  4701 | D:6      | Reached XP level 9. HP: 26/79 MP: 11/11
  6204 | D:7      | Reached skill level 8 in Fighting
  6252 | D:7      | Found a staircase to the Ecumenical Temple.
  6439 | D:7      | Reached XP level 10. HP: 40/90 MP: 13/13
  6679 | D:7      | Found a runed translucent gate.
  6679 | D:7      | Found a runed translucent gate.
  6679 | D:7      | Found a runed translucent gate.
  6680 | D:7      | Noticed Pim's ghost (novice HuBe)
  6680 | D:7      | Noticed Anon1729's ghost (novice MiMo)
  6680 | D:7      | Noticed Reshi88's ghost (novice SpWr)
  7023 | D:8      | Found a sacrificial altar of Ru.
  7136 | D:8      | Reached skill level 9 in Fighting
  7212 | D:8      | Noticed a white ugly thing
  7223 | D:8      | Killed a white ugly thing
  7493 | D:9      | Found an ancient bone altar of Kikubaaqudgha.
  7780 | D:9      | Found a staircase to the Lair.
  8479 | D:10     | Entered Level 10 of the Dungeon
  8677 | D:10     | Found a glowing silver altar of Zin.
  8782 | D:10     | Reached XP level 11. HP: 99/99 MP: 15/15
  8933 | D:10     | Reached skill level 10 in Fighting
 10174 | D:12     | Noticed a two-headed ogre
 10183 | D:12     | Killed a two-headed ogre
 10201 | D:12     | Noticed Maurice
 10218 | D:12     | Killed Maurice
 10257 | D:12     | Noticed Sonja
 10271 | D:12     | Noticed a two-headed ogre
 10284 | D:12     | HP: 4/101 [disintegration (10)]
 10285 | D:12     | Slain by Sonja

Illustrated notes

Levels and vault maps discovered:
D:1:      wheals_arrival_shading, layout_basic
D:2:      layout_basic, dreamdust_ecumenical_altar_hidden_monk_grotto,
          chequers_serial_rivers_room_b, chequers_serial_rivers_marsh,
          minmay_indecisive_spiral
D:3:      layout_rooms, nzn_hepliaklqana_mist_gate,
          amethyst_overflow_temple_binary, eat_drink_and_be_merry_uskayaw,
          corexii_corridor_pit, st_stairs_4, uniq_sigmund
D:4:      layout_gridville, mainiacjoe_overflow_brackets,
          mainiacjoe_overflow_chevrons, nicolae_overflow_two_pavilions,
          serial_shops, shop, uniq_blork_the_orc
D:5:      layout_loops_ring, makhleb_heckhound_becter
D:6:      cheibrodos_two_vegetables, layout_cave_pools, dreamdust_wishing_well,
          roderic_lattice_a, uniq_menkaure
D:7:      layout_rooms, minmay_temple_entry_arrows, gammafunk_ghost_cemetery,
          minmay_unpleasant_kobolds
D:8:      layout_gridville, mainiacjoe_overflow_paths
D:9:      layout_basic, tgw_kikubaaqudgha, erik_lair_island
D:10:     layout_cave_pods, zin_treasury
D:11:     layout_basic, kennysheep_generic_room_14
D:12:     layout_rooms, erik_orc_4, nicolae_qazlal_scattered_showers,
          uniq_sonja, uniq_maurice

Skill      XL: |  1  2  3  4  5  6  7  8  9 10 11 |
---------------+----------------------------------+-----
Armour         | 1 3 4 6 7 9 |  9.8
Invocations    | 1 2 3 5 6 7 8 |  8.2
Fighting       | 4 5 6 7 8 9 10 | 10.6
Short Blades   | 4 5 6 7 9 |  9.7
Dodging        | 4 5 6 7 9 |  9.7

Action                     |  1- 3 |  4- 6 |  7- 9 | 10-12 || total
---------------------------+-------+-------+-------+-------++-------
  Melee: Short sword       |   109 |   140 |   283 |   402 ||   934
         Headbutt          |    26 |    29 |    78 |   140 ||   273
 Invoke: Line Pass         |       |       |     2 |     2 ||     4
  Evoke: Wand              |       |       |     9 |     1 ||    10
    Use: Scroll            |       |       |     6 |     1 ||     7
         Potion            |       |       |       |     1 ||     1
   Stab: Paralysed         |       |       |    19 |    34 ||    53
 Armour: Robe              |     7 |       |       |       ||     7
         Acid dragon scale |    18 |    32 |    74 |    65 ||   189
         Skin              |       |       |       |     2 ||     2
  Dodge: Dodged            |    65 |    73 |   206 |   289 ||   633

Table legend: (Time is in decaauts)
 A = Elapsed time spent in this place.
 B = Non-inter-level travel time spent in this place.
 C = Inter-level travel time spent in this place.
 D = Time resting spent in this place.
 E = Time spent auto-exploring this place.
 F = Levels seen in this place.
 G = Mean time per level.
                   A        B        C        D        E       F      G
               +--------+--------+--------+--------+--------+-----+--------+
         Total |  10001 |   9564 |    437 |    938 |   7216 |  12 |  833.4 |
       Dungeon |  10001 |   9564 |    437 |    938 |   7216 |  12 |  833.4 |
               +--------+--------+--------+--------+--------+-----+--------+

Top non-repeatable levels by time:
     D:6: 1766 daAuts
     D:2: 1014 daAuts
     D:9: 1005 daAuts
     D:5: 985 daAuts
     D:1: 920 daAuts
    D:11: 905 daAuts
    D:10: 735 daAuts
     D:3: 710 daAuts
     D:4: 702 daAuts
     D:7: 651 daAuts
     D:8: 508 daAuts
    D:12: 93 daAuts
